 Dungeon Crawl Stone Soup version 0.17.1-2-g5865329 (webtiles) character file.

34 Glider the Conjurer (level 3, -3/28 HPs)
             Began as a Gargoyle Wizard on Jan 21, 2016.
             Slain by Terence
             ... wielding a +0 falchion
              (5 damage)
             ... on level 1 of the Dungeon.
             The game lasted 00:07:48 (1518 turns).

Glider the Conjurer (Gargoyle Wizard)               Turns: 1518, Time: 00:07:48

Health: -3/28      AC: 21    Str: 10    XL:     3   Next: 31%
Magic:  1/7        EV:  2    Int: 19    God:
Gold:   49         SH:  0    Dex:  8    Spells: 3 memorised, 3 levels left

rFire  . . .     SeeInvis .     h - +0 spear (curse)
rCold  . . .     Clarity  .     (armour currently unavailable)
rNeg   + + +     SustAt   .     (no shield)
rPois  ∞         Gourm    .     (helmet currently unavailable)
rElec  .         Spirit   .     (cloak currently unavailable)
rCorr  .         Warding  .     (gloves currently unavailable)
rMut   .         NoTele   +     (boots currently unavailable)
MR     .....                    (no amulet)
Stlth  ++........               (no ring)
                                (no ring)

@: tree-form (expiring), not resistant to hostile enchantments, unstealthy
A: (talons 0), negative energy resistance 1, (electricity resistance),
(unbreathing), petrification resistance, rot immunity, AC +3
a: no special abilities


You were on level 1 of the Dungeon.
You were not hungry.
You were a tree.
You visited 1 branch of the dungeon, and saw 2 of its levels.

You collected 49 gold pieces.

Inventory:

Hand Weapons
 h - a cursed +0 spear (weapon)
Armour
 b - a +0 hat (melded)
 f - a cursed +0 robe (melded)
Scrolls
 e - 2 scrolls of random uselessness {unknown}
Books
 c - a book of Minor Magic

   Spells                             Type                      Level
   a - Magic Dart                     Conjuration                  1
   b - Blink                          Translocation                2
   c - Call Imp                       Summoning                    2
   d - Repel Missiles                 Charms/Air                   2
   e - Slow                           Hexes                        2
   f - Conjure Flame                  Conjuration/Fire             3
   g - Mephitic Cloud                 Conjuration/Poison/Air       3
Comestibles
 d - 2 bread rations
 k - 2 meat rations


   Skills:
 - Level 1.5 Dodging
 - Level 2.1 Stealth
 - Level 3.0 Spellcasting
 * Level 3.4 Conjurations
   Level 0.8 Summonings
 - Level 0.8 Translocations


You had 3 spell levels left.
You knew the following spells:

 Your Spells              Type           Power        Failure   Level  Hunger
a - Magic Dart            Conj           ###.         4%          1    None
b - Blink                 Tloc           N/A          17%         2    ##.....
c - Repel Missiles        Chrm/Air       #.....       24%         2    ##.....


Dungeon Overview and Level Annotations

Branches:
Dungeon (2/15)

Altars:
Ashenzari

Annotations:
D:1 Terence


Innate Abilities, Weirdness & Mutations

You are resistant to torment.
((Your stone body is resilient (AC +3).))
You are immune to poison.
You resist negative energy.
((You are resistant to electric shocks.))
((You can survive without breathing.))
You are immune to petrification.
You are immune to rotting.
((You have sharp toenails.))


Message History

Terence is severely wounded.
Terence hits you but does no damage.
You hit Terence.
Terence is severely wounded.
Terence hits you but does no damage.
You barely miss Terence.
Terence is severely wounded.
Your transformation is almost over.
Terence hits you but does no damage.
You barely miss Terence.
Terence is severely wounded.
Terence hits you but does no damage.
You closely miss Terence.
Terence is severely wounded.
Terence hits you with a falchion.
* * * LOW HITPOINT WARNING * * *
You barely miss Terence.
Terence is severely wounded.
Terence hits you with a falchion.
You die...

####### #### ##.....## ### .>.#
#.......## ##.## ...# #........#
#...# ...# #........# #..(# ...#
#........#####...######### ####
##.....#.♣@.##...#........ #
####>#####.#...#......... # #.#
#......#........ #
##.#####)..##.......... #
######..................##..
######.............###########...
#....#.#####..####)# #...#.
#....#.# ##..###...## ####.###.
#....#.###...#......## #....# ##


You could see Terence.

Vanquished Creatures
  An ooze (D:1)
  A giant gecko (D:1)
  A ball python (D:1)
  3 bats (D:1)
  2 giant cockroaches (D:1)
  4 goblins (D:1)
  4 hobgoblins (D:1)
  2 jackals (D:1)
  4 kobolds (D:1)
  3 giant newts (D:1)
  A rat (D:1)
26 creatures vanquished.

Notes
Turn   | Place    | Note
--------------------------------------------------------------
     0 | D:1      | Glider the Gargoyle Wizard began the quest for the Orb.
     0 | D:1      | Reached XP level 1. HP: 10/10 MP: 4/4
   358 | D:1      | Reached XP level 2. HP: 13/15 MP: 0/6
   456 | D:1      | Learned a level 2 spell: Blink
   459 | D:1      | Learned a level 2 spell: Repel Missiles
  1114 | D:1      | Reached XP level 3. HP: 16/19 MP: 7/7
  1304 | D:1      | Found a shattered altar of Ashenzari.
  1469 | D:2      | Noticed Terence
  1504 | D:1      | Gained mutation: You have sharp toenails. [potion of beneficial mutation]
  1518 | D:1      | Slain by Terence

Action                   || total
-------------------------++-------
Melee: Unarmed           ||    20
       Dagger            ||    57
       Spear             ||    48
 Cast: Magic Dart        ||    39
  Use: Potion            ||     2
 Stab: Sleeping          ||     1
  Eat: Chunk             ||     2
